 Dungeon Crawl Stone Soup version 0.26.1-2-gb8aa6d0cf2 (webtiles) character file.

Game seed: 9499256417041630602

28 Arzdou the Digger (level 3, 0/19 HPs)
             Began as a Gargoyle Earth Elementalist on Feb 9, 2021.
             Slain by a leopard gecko (4 damage)
             ... on level 2 of the Dungeon on Feb 10, 2021.
             The game lasted 00:03:31 (656 turns).

Arzdou the Digger (Gargoyle Earth Elementalist)      Turns: 656, Time: 00:03:31

Health: 0/19       AC:  5    Str: 11    XL:     3   Next: 12%
Magic:  3/6        EV: 12    Int: 16    God:
Gold:   47         SH:  0    Dex: 10    Spells: 5/6 levels left

rFire    . . .     SeeInvis .   e - +1 dagger (venom)
rCold    . . .     Faith    .   (no shield)
rNeg     + . .     Spirit   .   c - +0 robe
rPois    ∞         Reflect  .   (no helmet)
rElec    +         Harm     .   (no cloak)
rCorr    .         Rampage  .   (no gloves)
Will     .....                  (no boots)
Stlth    ++........             (no amulet)
HPRegen  0.06/turn              (no ring)
MPRegen  0.10/turn              (no ring)

@: no status effects
A: negative energy resistance 1, electricity resistance, unbreathing,
petrification resistance, miasma immunity, AC +3
a: no special abilities


You were on level 2 of the Dungeon.
You visited 1 branch of the dungeon, and saw 2 of its levels.

You collected 47 gold pieces.

Inventory:

Hand Weapons
 e - a +1 dagger of venom (weapon)
Missiles
 b - 66 stones
Armour
 c - a +0 robe (worn)
Scrolls
 g - a scroll of teleportation {unknown}
 h - a scroll of remove curse {unknown}
Potions
 a - 3 potions of curing {unknown}
 d - a potion of brilliance {unknown}
 f - a potion of invisibility {unknown}
 i - a potion of degeneration {unknown}
 j - a potion of heal wounds {unknown}


   Skills:
 + Level 1.8 Dodging
 + Level 2.6 Stealth
 * Level 2.3 Spellcasting
 + Level 1.1 Transmutations
 + Level 3.9 Earth Magic


You had 5 spell levels left.
You knew the following spells:

 Your Spells              Type           Power        Failure   Level
a - Sandblast             Erth           28%          4%          1

Your spell library contained the following spells:

 Spells                   Type           Power        Failure   Level
 Passwall                 Tmut/Erth      8%           11%         2
 Stone Arrow              Conj/Erth      16%          26%         3
 Petrify                  Tmut/Erth      10%          56%         4
 Lee's Rapid Deconstruct  Erth           7%           73%         5


Dungeon Overview and Level Annotations

Branches:
Dungeon (2/15)

Altars:


Innate Abilities, Weirdness & Mutations

You are resistant to torment.
Your stone body is resilient. (AC +3)
You are immune to poison.
You resist negative energy. (rN+)
You are resistant to electric shocks. (rElec)
You can survive without breathing.
You are immune to petrification.
You are immune to miasma.


Message History

You barely miss the leopard gecko. The leopard gecko closely misses you.
The goblin hits you but does no damage.
The leopard gecko bites you but does no damage.
You barely miss the leopard gecko. The goblin hits you but does no damage.
The leopard gecko closely misses you.
Casting: Sandblast (safe; 4% risk of failure)
Confirm with . or Enter, or press ? or * to list all spells.
Aiming: Sandblast (safe; 4% risk of failure)
Press: ? - help, Shift-Dir - straight line, f - leopard gecko
Aim: a leopard gecko (31% to evade)
The blast of sand misses the leopard gecko.
The goblin closely misses you. The leopard gecko bites you.
* * * LOW HITPOINT WARNING * * *
You barely miss the leopard gecko. The goblin hits you but does no damage.
The leopard gecko bites you but does no damage.
You barely miss the leopard gecko.
The leopard gecko bites you but does no damage.
The goblin closely misses you.
You miss the leopard gecko. The leopard gecko bites you.
You die...

#..... #.....
#.....
#.....###
#.$.....#
#.......###
#......+.#
###..gl†#.###
#.....@.....#
##...#....#.#
+...+....#.#
#.. #....#<#
#.. #....###
#. #....# #.
#....# #.....


You could see a leopard gecko and a goblin.

Vanquished Creatures
  An adder (D:2)
  An ooze (D:1)
  A dart slug (D:1)
  3 goblins
  A hobgoblin (D:1)
  A bat (D:1)
  2 kobolds (D:1)
  4 rats (D:1)
14 creatures vanquished.

Notes
Turn   | Place    | Note
-------+----------+-------------------------------------------
     0 | D:1      | Arzdou the Gargoyle Earth Elementalist began the quest for
                  | the Orb.
     0 | D:1      | Reached XP level 1. HP: 10/10 MP: 3/3
   189 | D:1      | Upgraded the game from 0.26.0-10-g1f06aea511 to
                  | 0.26.1-2-gb8aa6d0cf2
   247 | D:1      | Reached skill level 1 in Transmutations
   247 | D:1      | Reached XP level 2. HP: 15/15 MP: 1/5
   650 | D:2      | Reached XP level 3. HP: 7/19 MP: 4/6
   656 | D:2      | Slain by a leopard gecko

Illustrated notes

Levels and vault maps discovered:
D:1:      ncdulo_smallfort, layout_rooms
D:2:      layout_basic, nicolae_overflow_hidden_temple, minmay_misc_feat_rugged,
          minmay_ruptured

Skill      XL: |  1 |
---------------+----+-----
Transmutations | 1 |  1.1
Dodging        | |  1.8
Stealth        | |  2.6
Spellcasting   | |  2.3
Earth Magic    | |  3.9

Action                   || total
-------------------------++-------
Melee: Unarmed           ||     5
       Dagger            ||    26
 Cast: Sandblast         ||    12
Armor: Robe              ||    12
Dodge: Dodged            ||    33
